 Dungeon Crawl Stone Soup version 0.29.1-15-g9cfb28693d (webtiles) character file.

Game seed: 719837737074774064

8819 EarthwalkerPL the Fighter (level 11, 0/104 HPs)
             Began as a Minotaur Fighter on May 2, 2023.
             Was a Priest of Okawaru.
             Slain by a death yak (13 damage)
             ... in a Gauntlet.
             The game lasted 00:19:58 (9442 turns).

EarthwalkerPL the Fighter (Minotaur Fighter)        Turns: 9442, Time: 00:19:58

Health: 0/104      AC: 15    Str: 25    XL:     11   Next: 14%
Magic:  10/10      EV:  8    Int:  5    God:    Okawaru [***...]
Gold:   471        SH:  9    Dex:  7    Spells: 10/10 levels left

rFire   . . .      SeeInvis .   a - +0 war axe
rCold   . . .      Faith    .   T - +0 kite shield
rNeg    + + .      Spirit   .   b - +0 scale mail
rPois   +          Reflect  .   (helmet restricted)
rElec   +          Harm     .   U - +0 cloak
rCorr   .          Rampage  .   P - +4 pair of gloves of Zauhyruoff {rElec rN++ Dex-3}
Will    .....      NoTele   +   (no boots)
Stlth   ..........              C - amulet of regeneration
HPRegen 1.07/turn               l - ring of poison resistance
MPRegen 0.12/turn               m - ring of flight

@: flying
A: horns 2, retaliatory headbutt, iridescent scales 1, deformed body
a: Renounce Religion, Heroism


You were in a Gauntlet.
You worshipped Okawaru.
Okawaru was most pleased with you.
You visited 3 branches of the dungeon, and saw 11 of its levels.
You also visited: Ossuary and Gauntlet.

You collected 714 gold pieces.
You spent 243 gold pieces at shops.

Inventory:

Hand Weapons
 a - a +0 war axe (weapon)
Missiles
 n - 18 poisoned darts (quivered)
 A - 6 atropa-tipped darts
 K - 5 boomerangs
 L - 2 throwing nets
 S - 6 datura-tipped darts
Armour
 b - a +0 scale mail (worn)
 c - a +0 buckler
 h - a +0 pair of gloves
 F - the +1 scale mail of Plog {rF+++ Str+3 Dex-5 SInv}
   (You bought it in a shop on level 1 of the Dungeon)

   Str:       It affects your strength (+3).
   Dex:       It affects your dexterity (-5).
   rF:        It renders you almost immune to fire.
   SInv:      It lets you see invisible.
 P - the +4 pair of gloves of Zauhyruoff (worn) {rElec rN++ Dex-3}
   (You found it on level 8 of the Dungeon)

   Dex:       It affects your dexterity (-3).
   rElec:     It insulates you from electricity.
   rN:        It greatly protects you from negative energy.
 T - a +0 kite shield (worn)
 U - a +0 cloak (worn)
Jewellery
 l - a ring of poison resistance (left hand)
 m - a ring of flight (right hand)
 q - a ring of flight
 C - an amulet of regeneration (around neck)
 G - the ring of Wallumar {rF- rC+ Int+9 SInv}
   (You found it in a Gauntlet)

   [ring of see invisible]

   Int:       It affects your intelligence (+9).
   rF:        It makes you vulnerable to fire.
   rC:        It protects you from cold.
   SInv:      It lets you see invisible.
 Q - an amulet of magic regeneration
Wands
 N - a wand of mindburst (16)
 W - a wand of digging (6)
Scrolls
 e - a scroll of butterflies
 g - 8 scrolls of teleportation
 i - 2 scrolls of immolation
 o - 3 scrolls of poison
 p - 3 scrolls of enchant weapon
 v - 2 scrolls of summoning
 x - 3 scrolls of amnesia
 y - 2 scrolls of torment
 z - a scroll of fear
 B - a scroll of brand weapon
 H - a scroll of silence
 I - 2 scrolls of acquirement {unknown}
 O - a scroll of blinking {unknown}
Potions
 d - 4 potions of might
 f - 4 potions of mutation
 j - 2 potions of curing
 k - 5 potions of invisibility {unknown}
 r - a potion of haste {unknown}
 s - a potion of heal wounds {unknown}
 t - a potion of lignification {unknown}
 u - 2 potions of ambrosia {unknown}
 w - a potion of brilliance {unknown}
 D - 2 potions of resistance {unknown}
 E - 2 potions of flight {unknown}
 J - 2 potions of cancellation {unknown}
 M - a potion of attraction {unknown}
 R - 2 potions of degeneration {unknown}


   Skills:
 * Level 11.7 Fighting
 * Level 11.4 Axes
 * Level 11.6 Armour
 + Level 8.8 Shields


You had 10 spell levels left.
You didn't know any spells.
Your spell library contained the following spells:

 Spells                   Type           Power      Damage    Failure   Level
 Magic Dart               Conj           0%         1d3       94%         1
 Ensorcelled Hibernation  Hex/Ice        0%         N/A       98%         2
 Passwall                 Tmut/Erth      0%         N/A       98%         2
 Searing Ray              Conj           0%         2d4       98%         2
 Dazzling Flash           Conj/Hex       0%         N/A       100%        3
 Swiftness                Air            0%         N/A       100%        3
 Fulminant Prism          Conj/Hex       0%         3d6       100%        4
 Iskenderun's Mystic Bla  Conj/Tloc      0%         2d3       100%        4
 Passage of Golubria      Tloc           0%         N/A       100%        4
 Yara's Violent Unravell  Hex/Tmut       0%         3d3       100%        5
 Starburst                Conj/Fire      0%         6d3       100%        6
 Tukima's Dance           Hex            Unusable   N/A       N/A         3

Dungeon Overview and Level Annotations

Branches:
Dungeon (9/15)             Temple (1/1) D:5            Lair (1/5) D:8
    Orc (0/2) D:9         Ossuary (visited)         Gauntlet (1/1)

Altars:
Ashenzari
Cheibriados
Dithmenos
Elyvilon
Fedhas
Gozag
Hepliaklqana
Kikubaaqudgha
Makhleb
Nemelex Xobeh
Okawaru
Qazlal
Sif Muna
Trog
Uskayaw
Vehumet
Wu Jian
Xom
Yredelemnul
Zin
The Shining One
Lugonu

Shops:
D:1 [

Portals:
Abyss: D:9

Annotations:
Gauntlet 7 transporters, 3 runed translucent doors


Innate Abilities, Weirdness & Mutations

You have a pair of horns on your head.
You reflexively headbutt those who attack you in melee.
You are partially covered in iridescent scales. (AC +2)
Armour fits poorly on your strangely shaped body.


Message History

Unknown command.
You barely miss the death yak.
The death yak is heavily wounded.
The death yak barely misses you. You furiously retaliate!
You headbutt the death yak. You hit the death yak. You headbutt the death yak.
The death yak is severely wounded.
You hit the death yak but do no damage.
The death yak gores you but does no damage. x2
You hit the death yak.
The death yak is severely wounded.
You slash the death yak! The death yak gores you! The death yak gores you.
The death yak closely misses you.
You slash the death yak! Your headbutt misses the death yak.
The death yak is severely wounded.
You hit the death yak but do no damage. You block the death yak's attack. x2
You slice the death yak!!
You kill the death yak!
Okawaru is honoured by your kill.
You barely miss the death yak. You hit the death yak but do no damage.
The death yak gores you!!
* * * LOW HITPOINT WARNING * * *
The death yak gores you!
* * * LOW HITPOINT WARNING * * *
As you read the scroll of fear, it crumbles to dust.
You assume a fearsome visage.
The death yak looks frightened!
The death yak resists with some effort.
The death yak barely misses you.
Unknown command.
You feel better. The death yak closely misses you.
You feel better. The death yak gores you!!
* * * LOW HITPOINT WARNING * * *
You feel better. The death yak gores you.
* * * LOW HITPOINT WARNING * * *
The death yak closely misses you.
It was a potion of mutation.
You feel extremely strange.
Your body twists and deforms.
Iridescent scales grow over part of your body.
The death yak gores you but does no damage.
The death yak gores you!
You die...

#....#..#."#.. .#..##.5##3##..#
#...©#..###### ##..#########..#
.#....#.∩.......................
......#.........................
.#...©#..###########..##########
#....#..#.........#..#.........
#..###..#..##.##..#..#.#.....#.
#.. #≈..#)#..#Y.#.#..#..##.##..
#. ##..#=#..#@Y#.####[.##.##.. #
#≈..#©.#####..#©©#§.#.©.#..
##..#?#..#..#.####..##.##..
#≈..#.#..#..#.#..#..##.##..
##..#..##.##..#..#.#.....#.
#≈..#.........#..#.........
##..###########..##########
#≈.......................§.
##................§§..§....


You could see 2 death yaks.

Vanquished Creatures
  A death yak (Gauntlet)
  2 soul eaters (Gauntlet)
  A necromancer (Gauntlet)
  A black mamba (Lair:1)
  An elephant (Lair:1)
  A troll (D:9)
  3 yaks
  A wyvern (D:9)
  A steam dragon (D:9)
  3 wargs
  An acid dragon (D:9)
  2 water moccasins
  3 black bears
  7 orc warriors
  A sky beast (D:7)
  2 ice beasts
  3 centaurs
  An ogre (D:5)
  A kobold brigand (D:7)
  5 bullfrogs
  2 scorpions
  2 necrophages
  A gnoll sergeant (D:9)
  A wight (D:7)
  25 killer bees
  6 howler monkeys
  7 orc priests
  A gnoll bouda (D:7)
  An iguana (D:5)
  8 orc wizards
  8 mummies (Ossuary)
  8 gnolls
  8 adders
  6 shadow imps (Gauntlet)
  7 white imps
  4 ufetubi
  2 worms
  3 dart slugs
  30 orcs
  7 ball pythons
  4 endoplasms
  3 giant cockroaches
  9 hobgoblins
  7 quokkas
  4 bats
  A frilled lizard (D:1)
  4 goblins
  2 hobgoblin zombies (Ossuary)
  4 kobolds
  2 kobold zombies (Ossuary)
  4 orc zombies (Ossuary)
  3 rats
  2 lurking horrors (D:9)
227 creatures vanquished.

Vanquished Creatures (others)
  4 demonic plants (D:1)
  2 fungi (Lair:1)
  2 plants (D:8)
  3 withered plants (D:1)
11 creatures vanquished.

Grand Total: 238 creatures vanquished

Notes
Turn   | Place    | Note
-------+----------+-------------------------------------------
     0 | D:1      | EarthwalkerPL the Minotaur Fighter began the quest for the
                  | Orb.
     0 | D:1      | Reached XP level 1. HP: 19/19 MP: 0/0
   304 | D:1      | Reached XP level 2. HP: 26/27 MP: 1/1
   365 | D:1      | Found a faded altar of an unknown god.
   647 | D:1      | Found Taestri's Antique Armour Shoppe.
  1124 | D:2      | Reached XP level 3. HP: 28/33 MP: 2/2
  1782 | D:3      | Reached XP level 4. HP: 37/41 MP: 3/3
  2394 | D:4      | Noticed a black bear
  2412 | D:4      | Killed a black bear
  2413 | D:4      | Reached skill level 5 in Fighting
  2413 | D:4      | Reached skill level 5 in Armour
  2413 | D:4      | Reached XP level 5. HP: 41/48 MP: 4/4
  2484 | D:4      | Reached XP level 6. HP: 46/56 MP: 5/5
  2611 | D:4      | Found a sand-covered staircase.
  2620 | Ossuary  | Entered an ossuary
  2670 | Ossuary  | HP: 2/56 [mummy (10)]
  3115 | Ossuary  | Reached skill level 5 in Axes
  3689 | D:5      | Entered Level 5 of the Dungeon
  3911 | D:5      | Identified the +0 leather armour of Guphaot {-Tele rPois
                  | rC++ rCorr}
  3944 | D:5      | Reached XP level 7. HP: 61/63 MP: 6/6
  4049 | D:1      | Bought an encrusted scale mail for 243 gold pieces
  4049 | D:1      | Identified the +1 scale mail of Plog {rF+++ Str+3 Dex-5
                  | SInv} (You bought it in a shop on level 1 of the Dungeon)
  4127 | D:5      | Reached skill level 5 in Shields
  4533 | D:5      | Found a staircase to the Ecumenical Temple.
  4553 | Temple   | Entered the Ecumenical Temple
  4925 | D:6      | Found a hazy altar of Hepliaklqana.
  4927 | D:6      | Found a shadowy altar of Dithmenos.
  4928 | D:6      | Noticed a shadow
  4979 | D:6      | You are sucked into a shaft and drop 2 floors!
  5050 | D:7      | Reached XP level 8. HP: 40/73 MP: 7/7
  6079 | D:7      | Reached XP level 9. HP: 49/82 MP: 8/8
  6771 | D:8      | Found an ancient bone altar of Kikubaaqudgha.
  6772 | D:8      | Found a glowing golden altar of the Shining One.
  6786 | D:8      | Found an iron altar of Okawaru.
  6803 | D:8      | Found a blossoming altar of Fedhas.
  6804 | D:8      | Found a stormy altar of Qazlal.
  6804 | D:8      | Found a shimmering altar of Xom.
  6804 | D:8      | Found a broken altar of Ashenzari.
  6804 | D:8      | Found a radiant altar of Vehumet.
  6805 | D:8      | Found a hide-covered altar of Uskayaw.
  6806 | D:8      | Found a basalt altar of Yredelemnul.
  6807 | D:8      | Found an opulent altar of Gozag.
  6808 | D:8      | Found a sparkling altar of Nemelex Xobeh.
  6809 | D:8      | Found a bloodstained altar of Trog.
  6821 | D:8      | Became a worshipper of Warmaster Okawaru
  6942 | D:9      | Reached * piety under Okawaru
  7090 | D:8      | Found a staircase to the Lair.
  7144 | D:8      | Reached skill level 10 in Fighting
  7144 | D:8      | Reached XP level 10. HP: 77/93 MP: 9/9
  7161 | D:8      | Identified the +9 dagger of Busemn {flame, rPois Int+3}
  7162 | D:8      | Identified the +4 pair of gloves of Zauhyruoff {rElec rN++
                  | Dex-3}
  7463 | D:9      | Reached skill level 10 in Armour
  7717 | D:9      | Reached skill level 10 in Axes
  8017 | D:9      | Reached ** piety under Okawaru
  8163 | D:9      | Found a one-way gate to the infinite horrors of the Abyss.
  8251 | D:9      | Found a corrupted altar of Lugonu.
  8686 | D:9      | Found a staircase to the Orcish Mines.
  9010 | Lair:1   | Entered Level 1 of the Lair of Beasts
  9015 | Lair:1   | Noticed a black mamba
  9027 | Lair:1   | Killed a black mamba
  9050 | Lair:1   | Found a gate leading to a gauntlet.
  9059 | Lair:1   | Noticed an elephant
  9062 | Lair:1   | Noticed an elephant
  9079 | Lair:1   | Killed an elephant
  9081 | Gauntlet | Entered a Gauntlet
  9081 | Gauntlet | Noticed a harpy
  9081 | Gauntlet | Noticed a cane toad
  9081 | Gauntlet | Noticed a soul eater
  9081 | Gauntlet | Found a transporter.
  9081 | Gauntlet | Found a transporter.
  9081 | Gauntlet | Found a transporter.
  9083 | Gauntlet | Noticed a salamander
  9083 | Gauntlet | a cane toad changed into a salamander
  9103 | Gauntlet | Noticed an elephant
  9103 | Gauntlet | Noticed a faun
  9116 | Gauntlet | a faun changed into a dream sheep
  9119 | Gauntlet | Found a transporter.
  9122 | Gauntlet | Found a transporter.
  9126 | Gauntlet | Noticed a sixfirhy
  9130 | Gauntlet | Found a transporter.
  9133 | Gauntlet | Found a transporter.
  9137 | Gauntlet | Noticed a sixfirhy
  9139 | Gauntlet | Found a runed translucent gate.
  9139 | Gauntlet | Found a runed translucent gate.
  9139 | Gauntlet | Noticed a sixfirhy
  9140 | Gauntlet | Found a runed translucent gate.
  9140 | Gauntlet | Noticed a sixfirhy
  9141 | Gauntlet | Found a transporter.
  9157 | Gauntlet | Noticed a necromancer
  9161 | Gauntlet | Found a transporter.
  9176 | Gauntlet | Noticed a death yak
  9177 | Gauntlet | Noticed a death yak
  9177 | Gauntlet | Noticed a death yak
  9177 | Gauntlet | Noticed a death yak
  9179 | Gauntlet | Found a transporter.
  9183 | Gauntlet | Found a transporter.
  9191 | Gauntlet | Noticed a soul eater
  9193 | Gauntlet | Found a transporter.
  9226 | Gauntlet | Noticed a radroach
  9226 | Gauntlet | a slime creature changed into a radroach
  9289 | Gauntlet | Killed a soul eater
  9289 | Gauntlet | Reached *** piety under Okawaru
  9319 | Gauntlet | Identified the ring of Wallumar {rF- rC+ Int+9 SInv}
  9383 | Gauntlet | Killed a soul eater
  9383 | Gauntlet | Received a gift from Okawaru
  9384 | Gauntlet | Reached XP level 11. HP: 62/102 MP: 10/10
  9431 | Gauntlet | Killed a necromancer
  9437 | Gauntlet | Killed a death yak
  9437 | Gauntlet | HP: 5/103 [death yak (10)]
  9442 | Gauntlet | Gained mutation: Armour fits poorly on your strangely
                  | shaped body. [potion of mutation]
  9442 | Gauntlet | Gained mutation: You are partially covered in iridescent
                  | scales. (AC +2) [potion of mutation]
  9442 | Gauntlet | Slain by a death yak

Illustrated notes

Levels and vault maps discovered:
D:1:      minmay_arrival_diagonal_passages, layout_rooms,
          shapermc_ecumenical_altar_gd, serial_shops, nicolae_square_shop
D:2:      layout_basic
D:3:      layout_basic
D:4:      layout_cave_pools, nicolae_ossuary_entry_monument, corner_web_ring,
          minivault_23, serial_bayou_pond_e
D:5:      layout_loops_ring, temple_fountains
D:6:      layout_loops_cross, riverfiend_overflow_shadow_ancestor,
          serial_bayou_crossing
D:7:      layout_basic, grunt_tough_drop
D:8:      layout_layer_cave, minitemple, erik_lair_orcish_takeover,
          amcnicky_mini_rare_corridor_liquid, hangedman_decor_lopped
D:9:      layout_basic, david_orc_4, amcnicky_altar_lugonu_corruption
Temple:   nicolae_temple_bog_church
Lair:1:   layout_regular_city, gauntlet_entry_generic,
          portal_ice_cave_demonic_guard
Gauntlet: minmay_gauntlet_mixed_big_or_small [gammafunk_gauntlet_arena_spirals,
          minmay_gauntlet_arena_77_mirror, nicolae_gauntlet_arena_blocks,
          minmay_gauntlet_arena_77_mess, nicolae_gauntlet_arena_quarters,
          minmay_gauntlet_arena_77_run_for_it,
          dreamdust_gauntlet_exit_labyrinth]

Skill      XL: |  1  2  3  4  5  6  7  8  9 10 |
---------------+-------------------------------+-----
Axes           | 3 4 5 6 8 9 11 | 11.4
Armour         | 4 5 6 8 9 11 | 11.6
Fighting       | 4 5 6 7 8 10 11 | 11.7
Shields        | 4 5 6 7 8 |  8.8

Action                   |  1- 3 |  4- 6 |  7- 9 | 10-12 || total
-------------------------+-------+-------+-------+-------++-------
Melee: War axe           |    78 |   119 |   267 |   286 ||   750
       Headbutt          |     8 |    20 |    50 |    49 ||   127
Throw: Dart              |       |     4 |       |     6 ||    10
Invok: Heroism           |       |       |       |     1 ||     1
  Use: Scroll            |       |     4 |     6 |     5 ||    15
       Potion            |       |       |     3 |     4 ||     7
Armor: Scale mail        |    46 |    45 |   126 |   141 ||   358
Dodge: Dodged            |    28 |    56 |   126 |   100 ||   310
Block: Buckler           |    19 |    27 |    81 |    33 ||   160
       Kite shield       |       |       |       |    87 ||    87
